 Dungeon Crawl Stone Soup version 0.25-a0-306-g3faca94 (webtiles) character file.

Game seed: 9293533926569114187, levelgen mode: deterministic

60 Birdy the Skirmisher (level 4, -10/49 HPs)
             Began as an Ogre Fighter on Dec 21, 2019.
             Mangled by a +4 broad axe of electrocution (20 damage)
             ... created by the rancor of the Wu Jian Council
             ... on level 2 of the Dungeon.
             The game lasted 00:02:29 (1387 turns).

Birdy the Skirmisher (Ogre Fighter)                 Turns: 1387, Time: 00:02:29

Health: -10/49     AC:  3    Str: 20    XL:     4   Next: 4%
Magic:  4/4        EV:  8    Int: 10    God:
Gold:   90         SH:  8    Dex:  8    Spells: 3/3 levels left

rFire    . . .     SeeInvis .   a - +0 flail
rCold    . . .     Gourm    .   c - +0 shield
rNeg     . . .     Faith    .   b - +0 robe
rPois    .         Spirit   .   (helmet restricted)
rElec    .         Reflect  .   (no cloak)
rCorr    .         Harm     .   (gloves unavailable)
MR       .....                  (boots unavailable)
Stlth    +.........             (no amulet)
HPRegen  0.16/turn              (no ring)
MPRegen  0.09/turn              (no ring)

@: barbed spikes
A: large, unfitting armour, tough skin 1
a: no special abilities


You were on level 2 of the Dungeon.
You were not hungry.

You visited 1 branch of the dungeon, and saw 2 of its levels.

You collected 90 gold pieces.

Inventory:

Hand Weapons
 a - a +0 flail (weapon)
Armour
 b - a +0 robe (worn)
 c - a +0 shield (worn)
Jewellery
 i - an uncursed ring of ice
Potions
 d - a potion of cancellation {unknown}
 e - 2 potions of haste {unknown}
 j - 2 potions of brilliance
Comestibles
 f - 4 rations


   Skills:
 + Level 4.7 Fighting
 + Level 2.3 Maces & Flails
 + Level 3.2 Dodging
 + Level 3.1 Shields


You had 3 spell levels left.
You didn't know any spells.
Your spell library was empty.

Dungeon Overview and Level Annotations

Branches:
Dungeon (2/15)

Altars:
Sif Muna
Wu Jian
The Shining One


Innate Abilities, Weirdness & Mutations

You are too large for most types of armour.
You have tough skin. (AC +1)


Message History

You hit the +3 quarterstaff of speed.
The +3 quarterstaff of speed is moderately damaged.
You hit the +3 quarterstaff of speed.
The +3 quarterstaff of speed is almost destroyed.
You block the +2 dire flail of speed's attack.
You hit the +3 quarterstaff of speed.
You destroy the +3 quarterstaff of speed!
That felt strangely unrewarding.
The +4 broad axe of electrocution hits you!
The +4 glaive of freezing hits you from afar!
* * * LOW HITPOINT WARNING * * *
The +4 glaive of freezing freezes you.
* * * LOW HITPOINT WARNING * * *
The +2 dire flail of speed hits you but does no damage.
You sock the +2 dire flail of speed!
You destroy the +2 dire flail of speed!
That felt strangely unrewarding.
The +4 broad axe of electrocution hits you but does no damage.
You are electrocuted!!
You die...

**#.....# **,*,**,*,**,*,**,
*,,...#.###**,*,**,*,**,*,*,**
######.#...#*,*,**,*,**,*,,,*,*
##.........##,*,**,*,**,,,,**,*,
##.......###.##,*,**,*,,,*,**,*,*
#.........##..##,*,**,*,*,**,*,**
#.........####.##,*,**,*,**,*,**,
#.........# #((##,*,**,**,*,**,*
#.........# #.#@#*,*,***,*,**,*,
#.........####.#..#*,*,*,*,**,*,*
#..............###(#*,*,*,**,*,**
..........###...,,..#*,*,**,*,**
............#.##***#.#*,##,#,** #
................#####.###.#.** *#
.......................#...###*#.
#....#............,..........##..
)...............#####........*#.#


You could see 3 dancing weapons.

Vanquished Creatures
  2 dancing weapons (D:2)
  An adder (D:2)
  A worm (D:2)
  2 dart slugs
  A leopard gecko (D:2)
  3 bats
  3 giant cockroaches
  9 goblins
  4 hobgoblins
  3 jackals (D:1)
  2 quokkas (D:2)
  A frilled lizard (D:2)
  4 kobolds
  5 rats
41 creatures vanquished.

Notes
Turn   | Place    | Note
-------+----------+-------------------------------------------
     0 | D:1      | Birdy the Ogre Fighter began the quest for the Orb.
     0 | D:1      | Reached XP level 1. HP: 24/24 MP: 1/1
   156 | D:1      | Found a glowing golden altar of the Shining One.
   172 | D:1      | Reached XP level 2. HP: 32/32 MP: 2/2
   388 | D:1      | Reached XP level 3. HP: 36/40 MP: 3/3
  1059 | D:2      | Found a shimmering blue altar of Sif Muna.
  1105 | D:2      | Found a faded altar of an unknown god.
  1139 | D:2      | Became a worshipper of the Wu Jian Council
  1139 | D:2      | Reached * piety under Wu Jian
  1180 | D:2      | Fell from the grace of Wu Jian
  1320 | D:2      | Reached XP level 4. HP: 26/49 MP: 4/4
  1384 | D:2      | Noticed a +3 quarterstaff of speed
  1384 | D:2      | Noticed a +4 glaive of freezing
  1384 | D:2      | Noticed a +2 dire flail of speed
  1384 | D:2      | Noticed a +3 rapier of piercing
  1384 | D:2      | Noticed a +4 broad axe of electrocution
  1386 | D:2      | Killed a +3 quarterstaff of speed
  1387 | D:2      | Killed a +2 dire flail of speed
  1387 | D:2      | Mangled by a +4 broad axe of electrocution

Levels and vault maps discovered:
D:1:      saegor_arrival_simple_a, layout_loops_ring, tso_metal_star
D:2:      minmay_inner_zag, layout_rooms, led_sif_pool,
          chequers_ecumenical_altar_island, grunt_ministairs_6,
          skrybe_limestone_x

Skill      XL: |  1  2 |
---------------+-------+-----
Maces & Flails | 2 |  2.3
Shields        | 3 |  3.1
Dodging        | 3 |  3.2
Fighting       | |  4.7

Action                   |  1- 3 |  4- 6 || total
-------------------------+-------+-------++-------
Melee: Flail             |   132 |    13 ||   145
Invok: Renounce Religion |     1 |       ||     1
  Use: Potion            |     4 |       ||     4
       Scroll            |     2 |       ||     2
  Eat: Chunk             |     2 |       ||     2
Armor: Robe              |    46 |     1 ||    47
Dodge: Dodged            |    72 |     3 ||    75
Block: Shield            |    68 |     5 ||    73

Table legend:
 A = Non-vault XP
 B = Vault XP
 C = Vault XP percentage of total XP
 D = Non-vault monster count
 E = Vault monster count
 F = Vault count percentage of total count
                 A         B        C        D         E       F
            +---------+---------+-------+---------+---------+-------
      Total |      86 |       0 |   0.0 |      39 |       0 |   0.0
            +---------+---------+-------+---------+---------+-------
        D:1 |      40 |       0 |   0.0 |      23 |       0 |   0.0
        D:2 |      46 |       0 |   0.0 |      16 |       0 |   0.0
            +---------+---------+-------+---------+---------+-------
